 Dungeon Crawl Stone Soup version 0.21.1-1-g345015f (webtiles) character file.

1615 tidbits the Grave Robber (level 8, 0/88 HPs)
             Began as a Gnoll Necromancer on June 13, 2018.
             Was an Initiate of Cheibriados.
             Slain by an ice beast (4 damage)
             ... in an ice cave.
             The game lasted 00:16:49 (1420 turns).

tidbits the Grave Robber (Gnoll Necromancer)        Turns: 1420, Time: 00:16:50

Health: 0/88       AC: 24    Str: 11    XL:     8   Next: 96%
Magic:  16/17      EV:  2    Int: 21    God:    Cheibriados [......]
Gold:   133        SH:  0    Dex: 17    Spells: 8/19 levels left

rFire    + . .     SeeInvis .     - Unarmed
rCold    + . .     Gourm    .   (no shield)
rNeg     + + +     Faith    .   (armour currently unavailable)
rPois    +         Spirit   .   (helmet currently unavailable)
rElec    +         Reflect  .   (cloak currently unavailable)
rCorr    +         Harm     .   (gloves currently unavailable)
MR       .....     NoTele   +   (boots currently unavailable)
Stlth    ++++......             (no amulet)
HPRegen  0.24/turn              (no ring)
MPRegen  0.15/turn              C - ring of stealth

@: tree-form, resistant, very slow
A: distributed training, strong nose
a: Bend Time, Renounce Religion


You were in an ice cave.
You worshipped Cheibriados.
Cheibriados was noncommittal.
You were very hungry.
You were a tree.
You visited 2 branches of the dungeon, and saw 13 of its levels.
You also visited: Sewer and Ice Cave.

You collected 133 gold pieces.

Inventory:

Hand Weapons
 i - a +0 mace
 j - a +0 dagger
 l - a +0 short sword
 m - a cursed -2 hunting sling
 p - a +0 long sword
 t - a +0 trident of protection
   (You took it off an orc on level 4 of the Dungeon)
 A - a +0 lajatang
 E - a +0 shortbow
 H - a +0 blowgun
Missiles
 o - 32 arrows
Armour
 a - a +0 robe (melded)
 G - a +2 pair of gloves (melded)
 J - a +2 large shield
 L - a +0 ring mail
Jewellery
 d - an uncursed ring of fire
   (You found it on level 11 of the Dungeon)
 z - an uncursed ring of protection from fire
   (You found it on level 6 of the Dungeon)
 C - a ring of stealth (right branch)
   (You found it on level 8 of the Dungeon)
Wands
 F - a wand of random effects (32)
 M - a wand of flame (23)
Scrolls
 e - a scroll of enchant armour {unknown}
 g - a scroll of blinking {unknown}
 h - a scroll of amnesia {unknown}
 k - a scroll of enchant weapon {unknown}
 v - a scroll of magic mapping {unknown}
 x - a scroll of summoning {unknown}
 y - 2 scrolls of identify {unknown}
 K - a scroll of teleportation
Potions
 f - a potion of haste
 s - 2 potions of flight
 I - a potion of invisibility {unknown}
Books
 b - a book of Necromancy

   Spells                             Type                      Level
   a - Pain                           Necromancy                   1
   b - Animate Skeleton               Necromancy                   1
   c - Vampiric Draining              Necromancy                   3
   d - Regeneration                   Charms/Necromancy            3
   e - Animate Dead                   Necromancy                   4
   f - Borgnjor's Vile Clutch         Necromancy/Earth             5
 w - a book of Maledictions
   (You found it on level 4 of the Dungeon)

   Spells                             Type                      Level
   a - Corona                         Hexes                        1
   b - Ensorcelled Hibernation        Hexes/Ice                    2
   c - Confuse                        Hexes                        3
   d - Tukima's Dance                 Hexes                        3
   e - Dazzling Spray                 Conjuration/Hexes            3
Miscellaneous
 D - a lightning rod (1/4)
Comestibles
 c - 8 rations


   Skills:
 + Level 3.6 Fighting
 + Level 3.6 Short Blades
 + Level 3.6 Long Blades
 + Level 3.6 Axes
 + Level 3.6 Maces & Flails
 + Level 3.6 Polearms
 + Level 3.6 Staves
 + Level 3.6 Slings
 + Level 3.6 Bows
 + Level 3.6 Crossbows
 + Level 3.6 Throwing
 + Level 3.6 Armour
 + Level 5.9 Dodging
 + Level 5.6 Stealth
 + Level 3.6 Shields
 + Level 3.6 Unarmed Combat
 + Level 6.2 Spellcasting
 + Level 3.0 Conjurations
 + Level 3.0 Hexes
 + Level 3.0 Charms
 + Level 3.0 Summonings
 + Level 7.8 Necromancy
 + Level 3.0 Translocations
 + Level 3.0 Transmutations
 + Level 3.0 Fire Magic
 + Level 3.0 Ice Magic
 + Level 3.0 Air Magic
 + Level 3.0 Earth Magic
 + Level 3.0 Poison Magic
 + Level 4.0 Invocations
 + Level 3.6 Evocations


You had 8 spell levels left.
You knew the following spells:

 Your Spells              Type           Power        Failure   Level  Hunger
a - Pain                  Necr           ####         1%          1    None
c - Confuse               Hex            ###.....     9%          3    #......
d - Vampiric Draining     Necr           #####.....   1%          3    #......
n - Animate Skeleton      Necr           N/A          1%          1    None
r - Regeneration          Chrm/Necr      ####......   3%          3    #......


Dungeon Overview and Level Annotations

Branches:
Dungeon (12/15)            Temple (1/1) D:6
   Lair: D:8-11         Orc: D:9-12

Altars:
Ashenzari
Cheibriados
Dithmenos
Elyvilon
Sif Muna
Trog
Uskayaw
Vehumet
Wu Jian
Xom
Zin
The Shining One

Shops:
D:12 [

Annotations:
IceCv 1 transporter


Innate Abilities, Weirdness & Mutations

Your experience applies equally to all skills.
((You have very sharp teeth.))
Your uncanny sense of smell can sniff out nearby items.


Message History

You smack the white ugly thing!
The white ugly thing is severely wounded.
The white ugly thing engulfs you!
* * * LOW HITPOINT WARNING * * *
The white ugly thing freezes you! You resist.
* * * LOW HITPOINT WARNING * * *
The ice beast hits you but does no damage. x2
The ice beast hits you.
* * * LOW HITPOINT WARNING * * *
The ice beast freezes you. You resist.
* * * LOW HITPOINT WARNING * * *
The ice beast hits you but does no damage.
You feel much better.
The white ugly thing engulfs you but does no damage.
The ice beast hits you but does no damage. x4
You hit the white ugly thing.
The white ugly thing is severely wounded.
The white ugly thing engulfs you but does no damage.
The ice beast hits you but does no damage.
The ice beast hits you.
* * * LOW HITPOINT WARNING * * *
The ice beast freezes you. You resist.
* * * LOW HITPOINT WARNING * * *
The ice beast completely misses you.
The ice beast hits you but does no damage. x2
You hit the white ugly thing.
The white ugly thing is severely wounded.
The white ugly thing engulfs you!
* * * LOW HITPOINT WARNING * * *
The white ugly thing freezes you! You resist.
* * * LOW HITPOINT WARNING * * *
The ice beast hits you but does no damage. x4
The ice beast completely misses you.
You hit the white ugly thing.
The white ugly thing is almost dead.
The white ugly thing engulfs you but does no damage.
The ice beast hits you but does no damage. x3
You smack the white ugly thing!
The white ugly thing is almost dead.
The white ugly thing engulfs you but does no damage.
The ice beast hits you but does no damage. x2
The ice beast barely misses you. x3
You hit the white ugly thing.
You kill the white ugly thing!
Cheibriados appreciates the change of pace.
Your lightning rod (1/4) has regained one charge.
The ice beast hits you but does no damage. x2
The ice beast hits you.
* * * LOW HITPOINT WARNING * * *
The ice beast freezes you. You resist.
* * * LOW HITPOINT WARNING * * *
Okay, then.
Wield which item (- for none, * to show all)? (? for menu, Esc to quit)
Okay, then.
You hit the ice beast.
The ice beast is lightly wounded.
The ice beast hits you but does no damage. x3
You hit the ice beast but do no damage.
The ice beast is lightly wounded.
The ice beast hits you but does no damage. x6
You smack the ice beast!
The ice beast is moderately wounded.
The ice beast is no longer moving slowly.
The ice beast hits you but does no damage.
The ice beast barely misses you.
The ice beast hits you but does no damage. x3
You hit the ice beast.
The ice beast is heavily wounded.
The ice beast is no longer moving slowly.
The ice beast hits you but does no damage. x5
You barely miss the ice beast.
The ice beast is heavily wounded.
The ice beast hits you but does no damage.
The ice beast hits you.
* * * LOW HITPOINT WARNING * * *
The ice beast freezes you. You resist.
* * * LOW HITPOINT WARNING * * *
The ice beast hits you but does no damage. x3
You smack the ice beast!
The ice beast is almost dead.
The ice beast hits you but does no damage. x6
You smack the ice beast!
You kill the ice beast!
Cheibriados appreciates the change of pace.
Your Conjurations skill increases to level 3!
Your Hexes skill increases to level 3!
Your Charms skill increases to level 3!
Your Summonings skill increases to level 3!
Your Translocations skill increases to level 3!
Your Transmutations skill increases to level 3!
Your Fire Magic skill increases to level 3!
Your Ice Magic skill increases to level 3!
Your Air Magic skill increases to level 3!
Your Earth Magic skill increases to level 3!
Your Poison Magic skill increases to level 3!
Your Invocations skill increases to level 4!
The ice beast hits you but does no damage. x3
The ice beast hits you.
* * * LOW HITPOINT WARNING * * *
The ice beast freezes you. You resist.
You die...

#######
##.....##
##...∩...##
##.........##
#.....∩.....#
#...........#
##...........#
#.YYY.........#
#.Y♣Y8...8....#
#......$......#
##....?.?....##
#.../.!.$...#
##...8©8...##
###########


You could see 5 ice beasts.

Vanquished Creatures
  An ugly thing (IceCv)
  A wraith (D:11)
  An ice beast (IceCv)
  A phantom (D:4)
  A centaur (D:9)
  2 big kobolds
  3 bullfrogs
  2 scorpions
  A howler monkey (D:4)
  A hound (D:7)
  2 jellies
  An orc priest (D:4)
  An iguana (D:9)
  5 worker ants
  4 gnolls (D:4)
  3 adders
  A river rat (Sewer)
  A shadow imp (D:11)
  An ooze (D:1)
  2 worms
  8 orcs
  3 giant cockroaches
  A goblin (D:1)
  A hobgoblin (D:3)
  A ball python (D:6)
  2 bats (D:3)
  A frilled lizard (D:3)
  A giant cockroach zombie (D:6)
  11 kobolds
  5 rats
69 creatures vanquished.

Vanquished Creatures (others)
  7 toadstools (D:3)
7 creatures vanquished.

Grand Total: 76 creatures vanquished

Notes
Turn   | Place    | Note
-------+----------+-------------------------------------------
     0 | D:1      | tidbits the Gnoll Necromancer began the quest for the Orb.
     0 | D:1      | Reached XP level 1. HP: 13/13 MP: 6/6
    28 | D:1      | Reached XP level 2. HP: 16/19 MP: 3/7
    32 | D:1      | Learned a level 1 spell: Animate Skeleton
   199 | D:2      | Reached XP level 3. HP: 19/25 MP: 1/9
   204 | D:2      | Learned a level 3 spell: Vampiric Draining
   208 | D:2      | Learned a level 3 spell: Regeneration
   224 | D:3      | Reached skill level 5 in Spellcasting
   260 | D:4      | Reached skill level 1 in Fighting
   260 | D:4      | Reached skill level 1 in Short Blades
   260 | D:4      | Reached skill level 1 in Long Blades
   260 | D:4      | Reached skill level 1 in Axes
   260 | D:4      | Reached skill level 1 in Maces & Flails
   260 | D:4      | Reached skill level 1 in Polearms
   260 | D:4      | Reached skill level 1 in Staves
   260 | D:4      | Reached skill level 1 in Slings
   260 | D:4      | Reached skill level 1 in Bows
   260 | D:4      | Reached skill level 1 in Crossbows
   260 | D:4      | Reached skill level 1 in Throwing
   260 | D:4      | Reached skill level 1 in Armour
   260 | D:4      | Reached skill level 1 in Shields
   260 | D:4      | Reached skill level 1 in Unarmed Combat
   260 | D:4      | Reached skill level 1 in Invocations
   260 | D:4      | Reached skill level 1 in Evocations
   260 | D:4      | Reached XP level 4. HP: 21/32 MP: 1/11
   269 | D:4      | Noticed a phantom
   282 | D:4      | Reached skill level 1 in Conjurations
   282 | D:4      | Reached skill level 1 in Hexes
   282 | D:4      | Reached skill level 1 in Charms
   282 | D:4      | Reached skill level 1 in Summonings
   282 | D:4      | Reached skill level 1 in Translocations
   282 | D:4      | Reached skill level 1 in Transmutations
   282 | D:4      | Reached skill level 1 in Fire Magic
   282 | D:4      | Reached skill level 1 in Ice Magic
   282 | D:4      | Reached skill level 1 in Air Magic
   282 | D:4      | Reached skill level 1 in Earth Magic
   282 | D:4      | Reached skill level 1 in Poison Magic
   283 | D:4      | Reached XP level 5. HP: 26/37 MP: 4/12
   299 | D:4      | Found a white marble altar of Elyvilon.
   350 | D:3      | Found a shadowy altar of Dithmenos.
   425 | D:4      | Found a glowing drain.
   455 | Sewer    | Entered a sewer
   494 | Sewer    | Noticed a big kobold
   501 | Sewer    | Killed a big kobold
   501 | Sewer    | Reached skill level 2 in Invocations
   501 | Sewer    | Reached XP level 6. HP: 11/44 MP: 3/13
   516 | Sewer    | Found a white marble altar of Elyvilon.
   625 | D:4      | Reached skill level 5 in Dodging
   647 | D:4      | Found a radiant altar of Vehumet.
   693 | D:4      | Learned a level 3 spell: Confuse
   702 | D:4      | Noticed a phantom
   725 | D:4      | Killed a phantom
   725 | D:4      | Reached skill level 2 in Fighting
   725 | D:4      | Reached skill level 2 in Short Blades
   725 | D:4      | Reached skill level 2 in Long Blades
   725 | D:4      | Reached skill level 2 in Axes
   725 | D:4      | Reached skill level 2 in Maces & Flails
   725 | D:4      | Reached skill level 2 in Polearms
   725 | D:4      | Reached skill level 2 in Staves
   725 | D:4      | Reached skill level 2 in Slings
   725 | D:4      | Reached skill level 2 in Bows
   725 | D:4      | Reached skill level 2 in Crossbows
   725 | D:4      | Reached skill level 2 in Throwing
   725 | D:4      | Reached skill level 2 in Armour
   725 | D:4      | Reached skill level 2 in Shields
   725 | D:4      | Reached skill level 2 in Unarmed Combat
   725 | D:4      | Reached skill level 2 in Evocations
   743 | D:4      | You fall through a shaft!
   743 | D:5      | Entered Level 5 of the Dungeon
   799 | D:6      | Reached XP level 7. HP: 32/50 MP: 8/15
   854 | D:6      | Found a staircase to the Ecumenical Temple.
   871 | D:6      | Reached skill level 2 in Conjurations
   871 | D:6      | Reached skill level 2 in Hexes
   871 | D:6      | Reached skill level 2 in Charms
   871 | D:6      | Reached skill level 2 in Summonings
   871 | D:6      | Reached skill level 2 in Translocations
   871 | D:6      | Reached skill level 2 in Transmutations
   871 | D:6      | Reached skill level 2 in Fire Magic
   871 | D:6      | Reached skill level 2 in Ice Magic
   871 | D:6      | Reached skill level 2 in Air Magic
   871 | D:6      | Reached skill level 2 in Earth Magic
   871 | D:6      | Reached skill level 2 in Poison Magic
   875 | Temple   | Entered the Ecumenical Temple
   939 | Temple   | Became a worshipper of Cheibriados the Contemplative
  1095 | D:9      | Reached skill level 5 in Stealth
  1111 | D:9      | Reached skill level 3 in Invocations
  1146 | D:9      | Reached XP level 8. HP: 36/57 MP: 0/16
  1220 | D:10     | Entered Level 10 of the Dungeon
  1220 | D:10     | Noticed a yak
  1220 | D:10     | Noticed a yak
  1220 | D:10     | Noticed a yak
  1220 | D:10     | Noticed a yak
  1220 | D:10     | Noticed a yak
  1220 | D:10     | Noticed a yak
  1220 | D:10     | Noticed a yak
  1220 | D:10     | Noticed a yak
  1220 | D:10     | Noticed a yak
  1243 | D:11     | Reached skill level 3 in Fighting
  1243 | D:11     | Reached skill level 3 in Short Blades
  1243 | D:11     | Reached skill level 3 in Long Blades
  1243 | D:11     | Reached skill level 3 in Axes
  1243 | D:11     | Reached skill level 3 in Maces & Flails
  1243 | D:11     | Reached skill level 3 in Polearms
  1243 | D:11     | Reached skill level 3 in Staves
  1243 | D:11     | Reached skill level 3 in Slings
  1243 | D:11     | Reached skill level 3 in Bows
  1243 | D:11     | Reached skill level 3 in Crossbows
  1243 | D:11     | Reached skill level 3 in Throwing
  1243 | D:11     | Reached skill level 3 in Armour
  1243 | D:11     | Reached skill level 3 in Shields
  1243 | D:11     | Reached skill level 3 in Unarmed Combat
  1243 | D:11     | Reached skill level 3 in Evocations
  1266 | D:11     | Reached * piety under Cheibriados
  1289 | D:11     | Noticed a purple ugly thing
  1351 | D:12     | Found Xypneucw's Antique Armour Shop.
  1351 | D:12     | Noticed a hippogriff
  1351 | D:12     | Noticed a wraith
  1351 | D:12     | Noticed a slime creature
  1351 | D:12     | Noticed a slime creature
  1351 | D:12     | Noticed a slime creature
  1351 | D:12     | Noticed a slime creature
  1351 | D:12     | Noticed a slime creature
  1351 | D:12     | Noticed a slime creature
  1356 | D:11     | Killed a wraith
  1356 | D:11     | Reached skill level 6 in Spellcasting
  1363 | D:11     | Found a frozen archway.
  1390 | IceCv    | Entered an ice cave
  1390 | IceCv    | Noticed a white ugly thing
  1394 | IceCv    | Found a transporter.
  1413 | IceCv    | Killed a white ugly thing
  1418 | IceCv    | HP: 7/87 [ice beast (4)]
  1420 | IceCv    | Reached skill level 3 in Conjurations
  1420 | IceCv    | Reached skill level 3 in Hexes
  1420 | IceCv    | Reached skill level 3 in Charms
  1420 | IceCv    | Reached skill level 3 in Summonings
  1420 | IceCv    | Reached skill level 3 in Translocations
  1420 | IceCv    | Reached skill level 3 in Transmutations
  1420 | IceCv    | Reached skill level 3 in Fire Magic
  1420 | IceCv    | Reached skill level 3 in Ice Magic
  1420 | IceCv    | Reached skill level 3 in Air Magic
  1420 | IceCv    | Reached skill level 3 in Earth Magic
  1420 | IceCv    | Reached skill level 3 in Poison Magic
  1420 | IceCv    | Reached skill level 4 in Invocations
  1420 | IceCv    | Slain by an ice beast

Skill      XL: |  1  2  3  4  5  6  7  8 |
---------------+-------------------------+-----
Spellcasting   | 5 6 |  6.2
Fighting       | 1 2 3 |  3.6
Short Blades   | 1 2 3 |  3.6
Long Blades    | 1 2 3 |  3.6
Axes           | 1 2 3 |  3.6
Maces & Flails | 1 2 3 |  3.6
Polearms       | 1 2 3 |  3.6
Staves         | 1 2 3 |  3.6
Slings         | 1 2 3 |  3.6
Bows           | 1 2 3 |  3.6
Crossbows      | 1 2 3 |  3.6
Throwing       | 1 2 3 |  3.6
Armour         | 1 2 3 |  3.6
Shields        | 1 2 3 |  3.6
Unarmed Combat | 1 2 3 |  3.6
Invocations    | 1 2 3 4 |  4.0
Evocations     | 1 2 3 |  3.6
Conjurations   | 1 2 3 |  3.0
Hexes          | 1 2 3 |  3.0
Charms         | 1 2 3 |  3.0
Summonings     | 1 2 3 |  3.0
Translocations | 1 2 3 |  3.0
Transmutations | 1 2 3 |  3.0
Fire Magic     | 1 2 3 |  3.0
Ice Magic      | 1 2 3 |  3.0
Air Magic      | 1 2 3 |  3.0
Earth Magic    | 1 2 3 |  3.0
Poison Magic   | 1 2 3 |  3.0
Dodging        | 5 |  5.9
Stealth        | 5 |  5.6
Necromancy     | |  7.8

Action                   |  1- 3 |  4- 6 |  7- 9 || total
-------------------------+-------+-------+-------++-------
Melee: Unarmed           |     1 |       |    18 ||    19
       Dagger            |     2 |    10 |     7 ||    19
       Long sword        |       |    10 |       ||    10
       Bite              |       |     4 |     3 ||     7
       Trident           |       |     4 |     5 ||     9
       Lajatang          |       |       |     4 ||     4
 Cast: Pain              |    22 |    33 |    41 ||    96
       Regeneration      |       |     2 |     2 ||     4
       Confuse           |       |     4 |     1 ||     5
       Vampiric Draining |       |     1 |     5 ||     6
Invok: Bend Time         |       |       |     1 ||     1
Evoke: Wand              |     2 |     5 |       ||     7
       Lightning rod     |       |       |     4 ||     4
  Use: Potion            |       |     1 |     9 ||    10
       Scroll            |       |     1 |     2 ||     3
 Stab: Sleeping          |     1 |     4 |     2 ||     7
       Confused          |       |     2 |     1 ||     3
  Eat: Chunk             |       |       |     1 ||     1
Armor: Robe              |       |     6 |    12 ||    18
       Skin              |       |       |    89 ||    89
Dodge: Dodged            |     3 |    19 |    51 ||    73
       Rpst.: Long sword |       |     2 |       ||     2

Table legend:
 A = Turns spent in this place as a percentage of turns spent in the entire game.
 B = Non-inter-level travel turns spent in this place as a percentage of non-inter-level travel turns spent in the entire game.
 C = Inter-level travel turns spent in this place as a percentage of turns spent in this place.
 D = Turns resting spent in this place as a percentage of non-inter-level travel turns spent in this place.
 E = Turns spent auto-exploring this place as a percentage of non-inter-level travel turns spent in this place.
 F = Non-inter-level travel turns spent in this place divided by the number of levels of this place that you've seen.
                   A       B       C       D       E      F
               +-------+-------+-------+-------+-------+----------------------
         Total | 100.0 | 100.0 |   2.5 |   0.0 |   0.0 |  92.3
       Dungeon |  83.9 |  86.1 |   0.0 |   0.0 |   0.0 |  99.3
        Temple |   7.1 |   4.8 |  34.7 |   0.0 |   0.0 |  66.0
         Sewer |   6.8 |   7.0 |   0.0 |   0.0 |   0.0 |  97.0
      Ice Cave |   2.1 |   2.2 |   0.0 |   0.0 |   0.0 |  30.0
               +-------+-------+-------+-------+-------+----------------------

Table legend:
 A = Kills in this place as a percentage of kills in entire the game.
 B = Kills by you in this place as a percentage of kills by you in the entire game.
 C = Kills by friends in this place as a percentage of kills by friends in the entire game.
 D = Other kills in this place as a percentage of other kills in the entire game.
 E = Experience gained in this place as a percentage of experience gained in the entire game.
 F = Experience gained in this place divided by the number of levels of this place that you have seen.
                   A       B       C       D       E      F
               +-------+-------+-------+-------+-------+----------------------
         Total | 100.0 | 100.0 |   N/A |   N/A | 100.0 | 153.9
       Dungeon |  85.5 |  85.5 |   N/A |   N/A |  66.8 | 128.5
         Sewer |  11.6 |  11.6 |   N/A |   N/A |   5.2 | 120.0
      Ice Cave |   2.9 |   2.9 |   N/A |   N/A |  28.0 | 646.0
               +-------+-------+-------+-------+-------+----------------------

Vault maps used:
D:1:      mrwooster_arrival_statue
D:3:      cheibrodos_fertilizer, old_standard_altar, minmay_misc_feat_alley,
          nemelex_dance_club_becter
D:4:      nicolae_overflow_hidden_temple, kennysheep_mini,
          cheibrodos_sewer_entry_bend, first_ration, minivault_19
D:5:      serial_shops, shop, kennysheep_generic_room_11, uniq_pikel
D:6:      kennysheep_little_box, temple_fountains
D:8:      grunt_gozag_statues, hangedman_little_slice_of_home,
          minmay_tree_intersection, uniq_maurice, uniq_erica
D:9:      erik_lair_island, serial_park_tiny_2
D:10:     david_orc_5
D:11:     portal_ice_cave_entry_pillars_2
D:12:     cheibrodos_statue_roulette, serial_shops, shop, shop, shop,
          nicolae_shop_behind_doors, nicolae_shop_waterfront,
          grunt_ministairs_6, nrook_mini_vaults
Temple:   regret_index_temple_generic_petals
Sewer:    sewer_kobolds
IceCv:    ice_cave_statue_garden_teleport
